 Dungeon Crawl Stone Soup version 0.24-a0-787-g06d714f (webtiles) character file.

Game seed: 3918268800807729920, levelgen mode: deterministic

31844 Spazmo the Thaumaturge (level 13, -2/74 HPs)
             Began as a Deep Elf Fire Elementalist on Oct 9, 2019.
             Was an Elder of Vehumet.
             Killed from afar by a fire dragon (31 damage)
             ... with a blast of flame
             ... on level 6 of the Lair of Beasts.
             The game lasted 00:50:18 (13909 turns).

Spazmo the Thaumaturge (DEFE)                      Turns: 13909, Time: 00:50:19

Health: -2/74      AC:  9    Str:  5    XL:     13   Next: 28%
Magic:  46/51      EV: 19    Int: 26    God:    Vehumet [****..]
Gold:   1052       SH:  5    Dex: 15    Spells: 15/40 levels left

rFire    . . .     SeeInvis .   k - staff of conjuration
rCold    . . .     Gourm    .   x - +0 buckler
rNeg     . . .     Faith    .   F - +2 robe {Archmagi}
rPois    .         Spirit   .   J - +2 helmet
rElec    .         Reflect  .   H - +0 cloak
rCorr    .         Harm     .   (no gloves)
MR       +....                  D - +0 pair of boots
Stlth    ++........             (no amulet)
HPRegen  0.22/turn              u - ring of magical power
MPRegen  0.32/turn              n - ring of magical power

@: lethally poisoned (-2 -> -34)
A: no striking features
a: Renounce Religion


You were on level 6 of the Lair of Beasts.
You worshipped Vehumet.
Vehumet was greatly pleased with you.
You were not hungry.

You visited 3 branches of the dungeon, and saw 17 of its levels.

You collected 1052 gold pieces.

Inventory:

Hand Weapons
 o - a +4 hand axe of protection
Missiles
 d - 524 stones (quivered)
Armour
 x - a +0 buckler (worn)
 D - a +0 pair of boots (worn)
 F - a +2 robe of the Archmagi (worn)
 H - a +0 cloak (worn)
 J - a +2 helmet (worn)
Magical Staves
 k - an uncursed staff of conjuration (weapon)
 y - an uncursed staff of fire
 R - an uncursed staff of power
Jewellery
 g - an uncursed ring of see invisible
 i - an uncursed ring of wizardry
 j - an uncursed ring of protection from fire
 n - a ring of magical power (right hand)
 u - a ring of magical power (left hand)
Wands
 a - a wand of clouds (4)
 p - a wand of iceblast (4)
 A - a wand of random effects (11)
 C - a wand of flame (87)
 I - a wand of digging (4)
 K - a wand of polymorph (8)
 M - a wand of disintegration (14)
 P - a wand of enslavement (11)
Scrolls
 b - 7 scrolls of enchant armour
 l - 6 scrolls of identify
 r - a scroll of enchant weapon
 t - 6 scrolls of teleportation
 B - a scroll of fear
 G - a scroll of amnesia
 L - 2 scrolls of remove curse
 N - a scroll of fog
Potions
 e - 3 potions of curing
 f - 4 potions of brilliance
 h - a potion of haste
 m - a potion of cancellation
 q - 2 potions of might
 s - a potion of ambrosia
 v - a potion of flight
 w - a potion of heal wounds
 z - 2 potions of resistance
 E - a potion of magic
 O - a potion of invisibility
 S - a potion of agility
Comestibles
 c - 26 rations


   Skills:
 - Level 6.0 Fighting
 - Level 10.0 Dodging
 - Level 2.4 Stealth
 - Level 4.0 Shields
 - Level 14.0 Spellcasting
 - Level 11.2 Conjurations
 - Level 11.2 Fire Magic
 + Level 8.8 Earth Magic


You had 15 spell levels left.
You knew the following spells:

 Your Spells              Type           Power        Failure   Level  Hunger
a - Flame Tongue          Conj/Fire      #####        1%          1    None
b - Throw Flame           Conj/Fire      ######       1%          2    None
c - Conjure Flame         Conj/Fire      ########     1%          3    None
d - Sticky Flame          Conj/Fire      ########     1%          4    None
e - Fireball              Conj/Fire      ########..   1%          5    ##.....
f - Sandblast             Erth           ######       1%          1    None
g - Stone Arrow           Conj/Erth      ######       1%          3    None
h - Iron Shot             Conj/Erth      ########..   2%          6    ####...

Your spell library contained the following spells:

 Spells                   Type           Power        Failure   Level  Hunger
 Passwall                 Tmut/Erth      ######..     1%          2    None
 Dazzling Spray           Conj/Hex       ######       1%          3    None
 Inner Flame              Hex/Fire       ######..     1%          3    None
 Lee's Rapid Deconstruct  Erth           #######...   1%          5    ##.....
 Confusing Touch          Hex            ####..       3%          1    None
 Corona                   Hex            ####...      3%          1    None
 Infusion                 Chrm           ####         3%          1    None
 Ensorcelled Hibernation  Hex/Ice        ####..       4%          2    None
 Shroud of Golubria       Chrm/Tloc      ####..       4%          2    None
 Song of Slaying          Chrm           ####....     4%          2    None
 Petrify                  Tmut/Erth      ######..     4%          4    None
 Confuse                  Hex            ####....     9%          3    None
 Gell's Gravitas          Tloc           ####......   9%          3    None
 Regeneration             Chrm/Necr      ####......   9%          3    None
 Spectral Weapon          Hex/Chrm       ####....     9%          3    None
 Tukima's Dance           Hex            ####....     9%          3    None
 Yara's Violent Unravell  Hex/Tmut       ####......   21%         5    ##.....
 Metabolic Englaciation   Hex/Ice        ####......   63%         5    ##.....


Dungeon Overview and Level Annotations

Branches:
Dungeon (10/15)            Temple (1/1) D:7            Lair (6/6) D:10
 Shoals (0/4) Lair:4        Snake (0/4) Lair:3        Slime (0/5) Lair:6
    Orc: D:9-12

Altars:
Ashenzari
Cheibriados
Dithmenos
Elyvilon
Fedhas
Gozag
Hepliaklqana
Kikubaaqudgha
Makhleb
Nemelex Xobeh
Okawaru
Qazlal
Ru
Sif Muna
Trog
Vehumet
Wu Jian
Xom
Yredelemnul
The Shining One

Shops:
D:10 (

Annotations:
D:4 2 runed translucent doors, fergotronic's ghost, amateur MiBe
D:8 1 runed translucent door, Urrug's ghost, novice DsNe
Lair:1 Harold


Message History

The fire dragon is lightly wounded.
Casting: Stone Arrow (safe; 1% risk of failure)
Confirm with . or Enter, or press ? or * to list all spells.
Aiming: Stone Arrow (safe; 1% risk of failure)
Press: ? - help, Shift-Dir - straight line, f/p - fire dragon
Aim: a fire dragon (lightly wounded, catching its breath)
You feel a strong surge of power!
The stone arrow hits the fire dragon!!
The fire dragon is moderately wounded.
The swamp dragon breathes poison at you.
The blast of poison engulfs you!
You are poisoned.
You are engulfed in poison gas.
You are more poisoned.
You feel very sick. Why would you want to do that?
Unknown command.
You are engulfed in poison gas.
You are more poisoned.
You feel very sick. The fire dragon breathes flames at you.
The blast of flame hits you!!
You die...

..# ♣♣.♣..≈♣
.!.≈≈≈≈. ..#
♣♣..≈≈♣♣
?!.....♣♣♣ ###
♣..†≈≈♣♣
.$.≈≈≈≈.♣
♣♣..(≈≈♣♣♣D.≈≈≈..
♣♣..P≈≈♣♣☼D≈≈.♣
♣♣♣...≈♣♣D≈°.♣
♣♣.≈≈≈○§P.♣
♣..≈☼○○○♣♣
♣♣♣.@°○♣♣ ♣♣♣♣♣♣


You could see a fire dragon and a swamp dragon.

Vanquished Creatures
  Kirke (Lair:4)
  4 hydras
  5 elephants (Lair:6)
  A merfolk siren (Lair:4)
  9 spiny frogs
  5 black mambas
  4 rime drakes
  8 komodo dragons
  3 merfolk (Lair:4)
  3 polar bears
  Grinder (D:4)
  4 blink frogs (Lair:6)
  8 dream sheep (Lair:5)
  5 hippogriffs
  A spriggan (D:9)
  A wraith (D:6)
  4 hogs (Lair:5)
  14 yaks
  A shadow (D:8)
  2 wyverns
  A hungry ghost (D:7)
  3 steam dragons (Lair:6)
  5 basilisks
  2 nagas (Lair:3)
  Grum (D:8)
  3 wargs (D:10)
  2 acid dragons (Lair:6)
  14 water moccasins
  5 porcupines
  A swamp drake (Lair:6)
  4 orc warriors (D:7)
  4 sky beasts
  8 ogres
  4 phantoms
  7 wolves
  6 centaurs
  11 crocodiles
  Blork the orc (D:4)
  A big kobold (D:9)
  9 bullfrogs
  A scorpion (Lair:3)
  3 crimson imps
  3 howler monkeys (D:10)
  5 hounds
  A centaur zombie (D:8)
  5 orc priests
  5 bullfrog skeletons
  5 gnoll shamans (D:7)
  14 jellies
  8 orc wizards
  A centaur skeleton (D:10)
  6 iguanas
  5 hell rats (Lair:5)
  6 worker ants
  A killer bee zombie (D:9)
  2 hound zombies
  A hound skeleton (D:4)
  A worker ant zombie (D:5)
  Robin (D:4)
  8 gnolls
  13 adders
  2 shadow imps
  3 oozes
  2 adder zombies
  3 worms
  5 leopard geckos
  24 orcs
  3 giant cockroaches
  8 goblins
  4 hobgoblins
  6 jackals
  12 kobolds
  6 quokkas
  A ball python zombie (D:6)
  4 bats
  2 frilled lizards
  A leopard gecko skeleton (D:4)
  7 rats
  4 fungi
  3 plants (D:7)
371 creatures vanquished.

Vanquished Creatures (others)
  11 fungi
  7 plants
18 creatures vanquished.

Grand Total: 389 creatures vanquished

Notes
Turn   | Place    | Note
-------+----------+-------------------------------------------
     0 | D:1      | Spazmo the Deep Elf Fire Elementalist began the quest for
                  | the Orb.
     0 | D:1      | Reached XP level 1. HP: 10/10 MP: 6/6
   146 | D:1      | Reached XP level 2. HP: 5/15 MP: 2/8
   150 | D:1      | Learned a level 2 spell: Throw Flame
   506 | D:1      | Reached XP level 3. HP: 19/19 MP: 8/10
   511 | D:1      | Learned a level 3 spell: Conjure Flame
  1090 | D:2      | Found a stormy altar of Qazlal.
  1103 | D:2      | Noticed Robin
  1253 | D:2      | Found a white marble altar of Elyvilon.
  1576 | D:2      | Reached skill level 4 in Spellcasting
  1798 | D:3      | Found a snail-covered altar of Cheibriados.
  1804 | D:3      | Found a burning altar of Makhleb.
  1913 | D:3      | Reached XP level 4. HP: 21/24 MP: 12/12
  1919 | D:3      | Learned a level 4 spell: Sticky Flame
  2371 | D:4      | Noticed Grinder
  2377 | D:4      | Paralysed by Grinder for 6 turns
  2384 | D:4      | Killed Grinder
  2384 | D:4      | Reached skill level 5 in Spellcasting
  2384 | D:4      | Reached skill level 5 in Fire Magic
  2384 | D:4      | Reached XP level 5. HP: 24/28 MP: 7/15
  2384 | D:4      | Reached XP level 6. HP: 28/32 MP: 7/16
  2391 | D:4      | Learned a level 5 spell: Fireball
  2682 | D:4      | Noticed Blork the orc
  2687 | D:4      | Killed Blork the orc
  2687 | D:4      | Reached skill level 6 in Spellcasting
  2688 | D:4      | Found a blossoming altar of Fedhas.
  2834 | D:4      | Reached XP level 7. HP: 25/36 MP: 18/18
  2849 | D:4      | Killed Robin
  3242 | D:4      | Reached skill level 5 in Conjurations
  3259 | D:4      | Found a large runed translucent door.
  3260 | D:4      | Found a large runed translucent door.
  3261 | D:4      | Noticed fergotronic's ghost (amateur MiBe)
  3287 | D:5      | Entered Level 5 of the Dungeon
  3339 | D:5      | Reached skill level 7 in Spellcasting
  3556 | D:5      | Reached XP level 8. HP: 26/41 MP: 21/21
  3797 | D:5      | Reached skill level 8 in Spellcasting
  4082 | D:6      | Reached skill level 1 in Shields
  4233 | D:6      | Reached skill level 9 in Spellcasting
  4291 | D:6      | Found a shadowy altar of Dithmenos.
  4433 | D:6      | Reached XP level 9. HP: 37/45 MP: 19/24
  4609 | D:7      | Found an ancient bone altar of Kikubaaqudgha.
  4609 | D:7      | Found a hazy altar of Hepliaklqana.
  4748 | D:7      | Found a staircase to the Ecumenical Temple.
  4755 | D:7      | Found a white marble altar of Elyvilon.
  4765 | Temple   | Entered the Ecumenical Temple
  4772 | Temple   | Became a worshipper of Vehumet
  4978 | D:7      | Reached skill level 10 in Spellcasting
  5728 | D:8      | Reached XP level 10. HP: 50/50 MP: 26/26
  5808 | D:8      | Reached * piety under Vehumet
  5808 | D:8      | Offered knowledge of Shock by Vehumet.
  5890 | D:8      | Found a runed translucent door.
  5896 | D:8      | Identified the +8 trident of Bodily Harmony {freeze, MR+
                  | Dex+4}
  5896 | D:8      | Noticed Urrug's ghost (novice DsNe)
  5960 | D:8      | Reached skill level 11 in Spellcasting
  6107 | D:8      | Noticed Grum
  6180 | D:8      | Killed Grum
  6527 | D:9      | Reached skill level 10 in Fire Magic
  6743 | D:9      | Found an ornate altar of the Wu Jian Council.
  6985 | D:10     | Entered Level 10 of the Dungeon
  7005 | D:10     | Reached ** piety under Vehumet
  7007 | D:10     | Offered knowledge of Magic Dart by Vehumet.
  7025 | D:10     | Reached skill level 10 in Conjurations
  7047 | D:10     | Reached skill level 12 in Spellcasting
  7205 | D:10     | Found a staircase to the Lair.
  7292 | D:10     | Found Taitsuon's Antique Weapon Boutique.
  7319 | D:10     | Reached skill level 1 in Fighting
  7538 | Lair:1   | Entered Level 1 of the Lair of Beasts
  7814 | Lair:1   | Noticed Harold
  8008 | Lair:1   | Noticed a spiny frog
  8015 | Lair:1   | Killed a spiny frog
  8477 | Lair:2   | Noticed a four-headed hydra
  8484 | Lair:2   | Killed a four-headed hydra
  8484 | Lair:2   | Reached skill level 5 in Dodging
  8484 | Lair:2   | Reached XP level 11. HP: 59/59 MP: 29/29
  8595 | Lair:2   | Noticed a six-headed hydra
  8609 | Lair:2   | Killed a six-headed hydra
  9591 | Lair:3   | Found a staircase to the Snake Pit.
  9598 | Lair:3   | Offered knowledge of Throw Frost by Vehumet.
  9615 | Lair:3   | Noticed a five-headed hydra
  9622 | Lair:3   | Killed a five-headed hydra
  9622 | Lair:3   | Reached skill level 5 in Fighting
 10537 | Lair:4   | Reached *** piety under Vehumet
 10611 | Lair:4   | Noticed a six-headed hydra
 10637 | Lair:4   | Killed a six-headed hydra
 10660 | Lair:4   | Reached skill level 10 in Dodging
 10786 | Lair:4   | Got an iridescent war axe
 10787 | Lair:4   | Identified the +6 war axe of the First Yaks {antimagic,
                  | Dex+7} (You found it on level 4 of the Lair of Beasts)
 10844 | Lair:4   | Found a staircase to the Shoals.
 10846 | Lair:4   | Reached XP level 12. HP: 70/70 MP: 30/30
 11129 | Lair:4   | Offered knowledge of Olgreb's Toxic Radiance by Vehumet.
 11329 | Lair:5   | Learned a level 1 spell: Sandblast
 11333 | Lair:5   | Learned a level 3 spell: Stone Arrow
 11371 | Lair:5   | Reached skill level 1 in Earth Magic
 11379 | Lair:5   | Reached skill level 13 in Spellcasting
 11607 | Lair:5   | Noticed Kirke
 11610 | Lair:5   | Reached **** piety under Vehumet
 11630 | Lair:5   | Noticed a sphinx
 11961 | Lair:5   | Offered knowledge of Throw Icicle by Vehumet.
 12158 | Lair:5   | Noticed a sphinx
 12201 | Lair:4   | Killed Kirke
 12201 | Lair:4   | Reached skill level 14 in Spellcasting
 12201 | Lair:4   | Reached skill level 5 in Earth Magic
 12458 | Lair:6   | Entered Level 6 of the Lair of Beasts
 12666 | Lair:6   | Reached XP level 13. HP: 74/74 MP: 33/33
 12819 | Lair:6   | Found a staircase to the Slime Pits.
 13335 | Lair:6   | Reached ***** piety under Vehumet
 13335 | Lair:6   | Offered knowledge of Iron Shot by Vehumet.
 13343 | Lair:6   | Learned a level 6 spell: Iron Shot
 13901 | Lair:6   | Noticed a fire dragon
 13909 | Lair:6   | Killed from afar by a fire dragon

Levels and vault maps discovered:
D:1:      wander_arrival_fairy_ring, layout_loops_corners, serial_rivers,
          chequers_serial_rivers_micro_c, chequers_serial_rivers_micro_a,
          chequers_serial_rivers_micro_c, chequers_serial_rivers_room_a
D:2:      layout_basic, lemuel_coloured_pillars_altar, grunt_qazlal_sundering,
          minmay_tetromino_o2, uniq_robin
D:3:      layout_loops_ring, lemuel_crystal_altar, st_stairs_6, bloody_makhleb
D:4:      layout_basic, nicolae_overflow_hidden_temple, first_ration,
          ebering_ghost_disaster_area, uniq_grinder, uniq_blork_the_orc
D:5:      layout_rooms
D:6:      minmay_chambers_of_sixes, layout_gridville, kennysheep_mini_moat,
          hangedman_decor_clover_reticule, moated_statue
D:7:      kennysheep_seaside_town, layout_basic,
          amethyst_overflow_temple_binary, minmay_temple_entry_sparse_star,
          basic_altar
D:8:      layout_rooms, ebering_ghost_funeral_grove, uniq_grum
D:9:      layout_irregular_city, lemuel_round_altar, the_bakery, uniq_erolcha
D:10:     layout_rooms, erik_lair_orcish_takeover, serial_shops, shop
Temple:   nicolae_temple_no_exploring_needed
Lair:1:   layout_layer_cave, uniq_harold
Lair:2:   layout_cave_shapes
Lair:3:   layout_cave_shapes, guppyfry_snake_entry_garden, st_stairs_5
Lair:4:   layout_long_grid, elwin_shoals_entry_stream, beast_lair_carwin_7
Lair:5:   layout_hall_layers, st_stairs_9, uniq_kirke
Lair:6:   guppyfry_lair_end_dragon, layout_gridlike,
          minmay_slime_entry_jelly_boxes, lemuel_fruit_fields

Skill      XL: |  1  2  3  4  5  6  7  8  9 10 11 12 13 |
---------------+----------------------------------------+-----
Conjurations   | 2 3 4 5 7 8 10 11 | 11.2
Fire Magic     | 4 5 6 8 9 10 11 | 11.2
Spellcasting   | 4 5 6 7 9 10 12 14 | 14.0
Shields        | 2 3 4 |  4.0
Fighting       | 2 6 |  6.0
Dodging        | 5 10 | 10.0
Earth Magic    | 7 8 |  8.8
Stealth        | |  2.4

Action                   |  1- 3 |  4- 6 |  7- 9 | 10-12 | 13-15 || total
-------------------------+-------+-------+-------+-------+-------++-------
Melee: Dagger            |     1 |       |       |       |       ||     1
       Staff             |       |       |     2 |     1 |       ||     3
 Cast: Flame Tongue      |    69 |    51 |   194 |   324 |    63 ||   701
       Throw Flame       |       |     9 |    47 |   116 |    27 ||   199
       Sticky Flame      |       |       |    11 |    55 |    19 ||    85
       Fireball          |       |       |    14 |    30 |     3 ||    47
       Conjure Flame     |       |       |     2 |     4 |       ||     6
       Sandblast         |       |       |       |    10 |     6 ||    16
       Stone Arrow       |       |       |       |       |     2 ||     2
Evoke: Wand              |       |       |     3 |     1 |       ||     4
  Use: Scroll            |     4 |     2 |     4 |    18 |     1 ||    29
       Potion            |     3 |     1 |     1 |     2 |       ||     7
  Eat: Chunk             |     3 |     3 |    10 |    14 |     2 ||    32
       Ration            |       |       |     1 |     2 |     1 ||     4
Armor: Robe              |     4 |     3 |     3 |    13 |     3 ||    26
Dodge: Dodged            |    29 |     3 |    19 |   109 |    37 ||   197
Block: Buckler           |       |       |     3 |    24 |    12 ||    39

Table legend:
 A = Non-vault XP
 B = Vault XP
 C = Vault XP percentage of total XP
 D = Non-vault monster count
 E = Vault monster count
 F = Vault count percentage of total count
                 A         B        C        D         E       F
            +---------+---------+-------+---------+---------+-------
      Total |   32069 |   13423 |  29.5 |     267 |      97 |  26.6
            +---------+---------+-------+---------+---------+-------
        D:1 |      57 |       0 |   0.0 |      22 |       0 |   0.0
        D:2 |      18 |       9 |  33.3 |       5 |       5 |  50.0
        D:3 |      29 |       2 |   6.5 |      10 |       1 |   9.1
        D:4 |     464 |     376 |  44.8 |      23 |       4 |  14.8
        D:5 |     736 |       0 |   0.0 |      16 |       0 |   0.0
        D:6 |     859 |     465 |  35.1 |      24 |       5 |  17.2
        D:7 |    1058 |    1374 |  56.5 |      15 |      22 |  59.5
        D:8 |    1606 |     403 |  20.1 |      15 |       3 |  16.7
        D:9 |     632 |     220 |  25.8 |      18 |       1 |   5.3
       D:10 |     640 |     596 |  48.2 |      19 |       8 |  29.6
     Lair:1 |     951 |       0 |   0.0 |       5 |       0 |   0.0
     Lair:2 |    3132 |       0 |   0.0 |       7 |       0 |   0.0
     Lair:3 |    5311 |     465 |   8.1 |      20 |       3 |  13.0
     Lair:4 |    3421 |    5226 |  60.4 |      14 |      11 |  44.0
     Lair:5 |    4657 |    1148 |  19.8 |      25 |       6 |  19.4
     Lair:6 |    8498 |    3139 |  27.0 |      29 |      28 |  49.1
            +---------+---------+-------+---------+---------+-------
